MLB
CINCINNATI REDS @ JACKSONVILLE BOMBERS
04/11/2042
 
TOP OF THE 1ST
Cincinnati Reds batting - Pitching for Jacksonville Bombers : RHP Beau Snyder
Pitching: RHP Beau Snyder
Batting: RHB Sergio García 0-0: Called Strike
0-1: Foul Ball, location: 9LMF
0-2: Ball
1-2: Ball
2-2: Ground out 5-3 (Groundball, 56, EV 90.6 MPH)
Batting: LHB Iván Ramos 0-0: Ball
1-0: Ball
2-0: Ball
3-0: Base on Balls
Batting: RHB José Montoya 0-0: Ball
1-0: Called Strike
1-1: Called Strike
1-2: DOUBLE (Line Drive, 8LD, EV 91.9 MPH)
Iván Ramos to third
Batting: LHB Jesús Nava 0-0: Swinging Strike
0-1: Swinging Strike
0-2: Strikes out looking
Batting: SHB Joe Jones 0-0: Ball
1-0: Ball
2-0: Called Strike
2-1: Ball
3-1: Called Strike
3-2: Strikes out swinging
Top of the 1st over - 0 runs, 1 hit, 0 errors, 2 left on base; Cincinnati 0 - Jacksonville 0
BOTTOM OF THE 1ST
Jacksonville Bombers batting - Pitching for Cincinnati Reds : RHP Duane O'Dell
Pitching: RHP Duane O'Dell
Batting: LHB Dave Minor 0-0: Ball
1-0: SINGLE (Groundball, 3, EV 99.4 MPH)
Batting: RHB Jim Brown 0-0: Ball
Dave Minor is caught stealing 2nd base 2-4
1-0: Ground out 1-3 (Groundball, 13, EV 75.0 MPH)
Batting: LHB Yoshihito Abe 0-0: SINGLE (Line Drive, 8LS, EV 104.4 MPH)
Batting: RHB José Alonso 0-0: Foul Ball, location: 5F
0-1: Swinging Strike
0-2: Foul Ball, location: 9LSF
0-2: Ball
1-2: Strikes out swinging
Bottom of the 1st over - 0 runs, 2 hits, 0 errors, 1 left on base; Cincinnati 0 - Jacksonville 0
TOP OF THE 2ND
Cincinnati Reds batting - Pitching for Jacksonville Bombers : RHP Beau Snyder
Batting: SHB Ron Anderson 0-0: Ball
1-0: Swinging Strike
1-1: Ball
2-1: Foul Ball, location: 2F
2-2: Foul Ball, location: 7LDF
2-2: Strikes out looking
Batting: RHB Rudy Edwards 0-0: Called Strike
0-1: Ball
1-1: Called Strike
1-2: Foul Ball, location: 2F
1-2: Foul Ball, location: 3F
1-2: Ground out 5-3 (Groundball, 56, EV 90.6 MPH)
Batting: RHB Itocravo Affra 0-0: Foul Ball, location: 23FF
0-1: SINGLE (Groundball, 6, EV 80.6 MPH)
Batting: RHB Haruki Fujihara 0-0: Ball
1-0: Ball
2-0: Foul Ball, location: 9LMF
2-1: Ball
3-1: Called Strike
3-2: Strikes out swinging
Top of the 2nd over - 0 runs, 1 hit, 0 errors, 1 left on base; Cincinnati 0 - Jacksonville 0
BOTTOM OF THE 2ND
Jacksonville Bombers batting - Pitching for Cincinnati Reds : RHP Duane O'Dell
Batting: LHB Héctor González 0-0: Fly out, F8 (Flyball, 8LD, EV 81.9 MPH)
Batting: RHB Jeremie Gentileschi 0-0: Swinging Strike
0-1: Foul Ball, location: 2F
0-2: Ball
1-2: SINGLE (Line Drive, 4M, EV 108.1 MPH)
Batting: SHB Kevin Tucker 0-0: Called Strike
0-1: Foul Ball, location: 7LSF
0-2: Strikes out swinging
Batting: LHB Juan Novoa 0-0: Ball
1-0: Foul Ball, location: 25F
1-1: Called Strike
1-2: Foul Ball, location: 3F
1-2: DOUBLE (Flyball, 8RXD, EV 110.0 MPH)
Jeremie Gentileschi to third
Batting: RHB Pat Mayer 0-0: Swinging Strike
0-1: Called Strike
0-2: Ball
1-2: Strikes out swinging
Bottom of the 2nd over - 0 runs, 2 hits, 0 errors, 2 left on base; Cincinnati 0 - Jacksonville 0
TOP OF THE 3RD
Cincinnati Reds batting - Pitching for Jacksonville Bombers : RHP Beau Snyder
Batting: RHB Sergio García 0-0: Called Strike
0-1: Ball
1-1: Ball
2-1: Ball
3-1: Foul Ball, location: 2F
3-2: Strikes out swinging
Batting: LHB Iván Ramos 0-0: Foul Ball, location: 25F
0-1: Swinging Strike
0-2: Foul Ball, location: 5FF
0-2: Ball
1-2: Foul Ball, location: 2F
1-2: Ball
2-2: Ground out 6-3 (Groundball, 6, EV 102.5 MPH)
Batting: RHB José Montoya 0-0: Called Strike
0-1: Ground out 5-3 (Groundball, 5, EV 110.0 MPH)
Top of the 3rd over - 0 runs, 0 hits, 0 errors, 0 left on base; Cincinnati 0 - Jacksonville 0
BOTTOM OF THE 3RD
Jacksonville Bombers batting - Pitching for Cincinnati Reds : RHP Duane O'Dell
Batting: LHB Dave Minor 0-0: Called Strike
0-1: Ball
1-1: Ball
2-1: Foul Ball, location: 23FF
2-2: Ball
3-2: Strikes out swinging
Batting: RHB Jim Brown 0-0: Ball
1-0: Foul Ball, location: 25FF
1-1: Ball
2-1: Ball
3-1: Ground out 4-3 (Groundball, 4M, EV 85.6 MPH)
Batting: LHB Yoshihito Abe 0-0: Ball
1-0: Swinging Strike
1-1: Foul Ball, location: 3F
1-2: Strikes out swinging
Bottom of the 3rd over - 0 runs, 0 hits, 0 errors, 0 left on base; Cincinnati 0 - Jacksonville 0
TOP OF THE 4TH
Cincinnati Reds batting - Pitching for Jacksonville Bombers : RHP Beau Snyder
Batting: LHB Jesús Nava 0-0: Ball
1-0: Ball
2-0: Ball
3-0: Called Strike
3-1: Base on Balls
Batting: SHB Joe Jones 0-0: Called Strike
0-1: Swinging Strike
0-2: Foul Ball, location: 5F
0-2: Foul Ball, location: 5F
0-2: Ball
1-2: Strikes out looking
Batting: SHB Ron Anderson 0-0: Ball
1-0: Called Strike
1-1: Foul Ball, location: 2F
1-2: Foul Ball, location: 2F
1-2: Strikes out swinging
Batting: RHB Rudy Edwards 0-0: Foul Ball, location: 5F
0-1: Swinging Strike
0-2: Fielders Choice at 2nd, 6-4 (Groundball, 6, EV 83.8 MPH)
Top of the 4th over - 0 runs, 0 hits, 0 errors, 1 left on base; Cincinnati 0 - Jacksonville 0
BOTTOM OF THE 4TH
Jacksonville Bombers batting - Pitching for Cincinnati Reds : RHP Duane O'Dell
Batting: RHB José Alonso 0-0: Ball
1-0: SINGLE (Groundball, 6M, EV 103.1 MPH) (infield hit)
Batting: LHB Héctor González 0-0: Ball
1-0: Ball
2-0: Foul Ball, location: 7LDF
2-1: Swinging Strike
2-2: Strikes out swinging
Batting: RHB Jeremie Gentileschi 0-0: Ball
1-0: Called Strike
1-1: Ball
2-1: Ball
3-1: Foul Ball, location: 5FF
3-2: Base on Balls
José Alonso to second
Batting: SHB Kevin Tucker 0-0: Ball
1-0: Fly out, F9 (Flyball, 9D, EV 103.1 MPH)
Runner from 2nd tags up, SAFE at 3rd, no throw by RF
Batting: LHB Juan Novoa 0-0: Ball
1-0: Ball
2-0: Foul Ball, location: 2F
2-1: Fielders Choice at 2nd, 6-4 (Groundball, 6, EV 81.3 MPH)
Bottom of the 4th over - 0 runs, 1 hit, 0 errors, 2 left on base; Cincinnati 0 - Jacksonville 0
TOP OF THE 5TH
Cincinnati Reds batting - Pitching for Jacksonville Bombers : RHP Beau Snyder
Batting: RHB Itocravo Affra 0-0: Called Strike
0-1: Ground out 4-3 (Groundball, 4M, EV 83.1 MPH)
Batting: RHB Haruki Fujihara 0-0: Called Strike
0-1: Ball
1-1: Ball
2-1: Called Strike
2-2: Strikes out looking
Batting: RHB Sergio García 0-0: Foul Ball, location: 2F
0-1: Fly out, F7 (Flyball, 7LD, EV 111.9 MPH)
Top of the 5th over - 0 runs, 0 hits, 0 errors, 0 left on base; Cincinnati 0 - Jacksonville 0
BOTTOM OF THE 5TH
Jacksonville Bombers batting - Pitching for Cincinnati Reds : RHP Duane O'Dell
Batting: RHB Pat Mayer 0-0: Ball
1-0: Ball
2-0: Swinging Strike
2-1: Ball
3-1: Fly out, F4 (Popup, 13, EV 78.8 MPH)
Batting: LHB Dave Minor 0-0: Ball
1-0: DOUBLE (Line Drive, 3D, EV 107.5 MPH)
Batting: RHB Jim Brown 0-0: Called Strike
0-1: Foul Ball, location: 7LSF
0-2: Ball
1-2: Fielders Choice attempt at 3rd, Runner SAFE. 6-5 (Groundball, 6, EV 88.8 MPH)
Batting: LHB Yoshihito Abe 0-0: Ball
Jim Brown steals 2nd base
1-0: Swinging Strike
1-1: Swinging Strike
1-2: Strikes out looking
Batting: RHB José Alonso 0-0: Foul Ball, location: 7LMF
0-1: Ball
1-1: Foul Ball, location: 5FF
1-2: Foul Ball, location: 9LSF
1-2: Foul Ball, location: 5FF
1-2: Ball
2-2: Foul Ball, location: 2F
2-2: SINGLE (Groundball, 34S, EV 69.4 MPH) (infield hit)
Dave Minor scores
Jim Brown to third
Batting: LHB Héctor González 0-0: Called Strike
0-1: Ball
1-1: Ball
2-1: Called Strike
2-2: Foul Ball, location: 23FF
2-2: Ball
3-2: Base on Balls
José Alonso to second
Batting: RHB Jeremie Gentileschi 0-0: Ball
1-0: Ball
2-0: Foul Ball, location: 2F
2-1: Swinging Strike
2-2: Foul Ball, location: 9LDF
2-2: Foul Ball, location: 9LSF
2-2: Foul Ball, location: 9LSF
2-2: DOUBLE (Flyball, 8RXD, EV 108.8 MPH)
Jim Brown scores
José Alonso scores
Héctor González to third
Batting: SHB Kevin Tucker 0-0: Ball
1-0: Swinging Strike
1-1: Ball
2-1: Foul Ball, location: 2F
2-2: Foul Ball, location: 2F
2-2: Fly out, F9 (Flyball, 9D, EV 110.6 MPH)
Bottom of the 5th over - 3 runs, 3 hits, 0 errors, 2 left on base; Cincinnati 0 - Jacksonville 3
TOP OF THE 6TH
Cincinnati Reds batting - Pitching for Jacksonville Bombers : RHP Beau Snyder
Batting: LHB Iván Ramos 0-0: Ball
1-0: Ball
2-0: Ball
3-0: Base on Balls
Batting: RHB José Montoya 0-0: Ball
1-0: Swinging Strike
1-1: Ball
Iván Ramos steals 2nd base
2-1: Called Strike
2-2: Strikes out swinging
Batting: LHB Jesús Nava 0-0: Ball
1-0: Foul Ball, location: 3F
1-1: SINGLE (Groundball, 3D, EV 97.5 MPH)
Iván Ramos to third
Runner from 3rd tries for Home, SAFE, throw by RF to home
Batting: SHB Joe Jones 0-0: Swinging Strike
0-1: Ball
1-1: Foul Ball, location: 3F
1-2: Ball
2-2: Ball
3-2: Strikes out swinging
Batting: SHB Ron Anderson 0-0: Fly out, F7 (Flyball, 7LM, EV 93.1 MPH)
Top of the 6th over - 1 run, 1 hit, 0 errors, 1 left on base; Cincinnati 1 - Jacksonville 3
BOTTOM OF THE 6TH
Jacksonville Bombers batting - Pitching for Cincinnati Reds : RHP Duane O'Dell
Pitching: LHP Sergio Acuña
Batting: LHB Juan Novoa 0-0: Ball
1-0: Ball
2-0: Ground out U3 (Groundball, 23, EV 81.3 MPH)
Batting: RHB Pat Mayer 0-0: Swinging Strike
0-1: Called Strike
0-2: Strikes out looking
Batting: LHB Dave Minor 0-0: Swinging Strike
0-1: Fly out, F5 (Popup, 56S, EV 82.5 MPH)
Bottom of the 6th over - 0 runs, 0 hits, 0 errors, 0 left on base; Cincinnati 1 - Jacksonville 3
TOP OF THE 7TH
Cincinnati Reds batting - Pitching for Jacksonville Bombers : RHP Beau Snyder
Batting: RHB Rudy Edwards 0-0: Foul Ball, location: 2F
0-1: Fly out, F9 (Flyball, 9, EV 93.1 MPH)
Batting: RHB Itocravo Affra 0-0: Called Strike
0-1: Ball
1-1: Called Strike
1-2: Fly out, F9 (Line Drive, 9, EV 90.0 MPH)
Batting: RHB Haruki Fujihara 0-0: Ball
1-0: Swinging Strike
1-1: Swinging Strike
1-2: Strikes out swinging
Top of the 7th over - 0 runs, 0 hits, 0 errors, 0 left on base; Cincinnati 1 - Jacksonville 3
BOTTOM OF THE 7TH
Jacksonville Bombers batting - Pitching for Cincinnati Reds : LHP Sergio Acuña
Batting: RHB Jim Brown 0-0: Foul Ball, location: 3F
0-1: Ball
1-1: Foul Ball, location: 2F
1-2: Ground out 6-3 (Groundball, 56, EV 83.8 MPH)
Batting: LHB Yoshihito Abe 0-0: Ball
1-0: Ball
2-0: Called Strike
2-1: Ball
3-1: Ground out U3 (Groundball, 3, EV 81.3 MPH)
Batting: RHB José Alonso 0-0: Foul Ball, location: 9LMF
0-1: Swinging Strike
0-2: Ball
1-2: Ground out 4-3 (Groundball, 4, EV 106.9 MPH)
Bottom of the 7th over - 0 runs, 0 hits, 0 errors, 0 left on base; Cincinnati 1 - Jacksonville 3
TOP OF THE 8TH
Cincinnati Reds batting - Pitching for Jacksonville Bombers : RHP Beau Snyder
Batting: RHB Sergio García 0-0: Foul Ball, location: 2F
0-1: Ball
1-1: Foul Ball, location: 2F
1-2: Ground out 6-3 (Groundball, 56, EV 88.1 MPH)
Batting: LHB Iván Ramos 0-0: Ball
1-0: Called Strike
1-1: Swinging Strike
1-2: SINGLE (Groundball, 6, EV 110.6 MPH)
Batting: RHB José Montoya 0-0: Ball
1-0: 2-RUN HOME RUN (Flyball, 7LD, EV 97.5 MPH), Distance : 376 ft
Batting: LHB Jesús Nava 0-0: Fly out, F9 (Flyball, 89S, EV 92.5 MPH)
Batting: SHB Joe Jones 0-0: Ball
1-0: Ball
2-0: Called Strike
2-1: Fly out, F8 (Flyball, 89S, EV 82.5 MPH)
Top of the 8th over - 2 runs, 2 hits, 0 errors, 0 left on base; Cincinnati 3 - Jacksonville 3
BOTTOM OF THE 8TH
Jacksonville Bombers batting - Pitching for Cincinnati Reds : LHP Sergio Acuña
Batting: LHB Héctor González 0-0: Called Strike
0-1: Called Strike
0-2: Ball
1-2: Ball
2-2: Ball
3-2: Strikes out looking
Batting: RHB Jeremie Gentileschi 0-0: Ball
1-0: Ball
2-0: Called Strike
2-1: Ball
3-1: Foul Ball, location: 5DF
3-2: Foul Ball, location: 7LMF
3-2: Foul Ball, location: 9LDF
3-2: Ground out 6-3 (Groundball, 6, EV 86.9 MPH)
Batting: SHB Kevin Tucker 0-0: Ball
1-0: Called Strike
1-1: Ball
2-1: Fly out, F4 (Line Drive, 4, EV 70.6 MPH)
Bottom of the 8th over - 0 runs, 0 hits, 0 errors, 0 left on base; Cincinnati 3 - Jacksonville 3
TOP OF THE 9TH
Cincinnati Reds batting - Pitching for Jacksonville Bombers : RHP Beau Snyder
Pitching: RHP Eli Clark
Batting: SHB Ron Anderson 0-0: Ball
1-0: Swinging Strike
1-1: Called Strike
1-2: Ball
2-2: Ball
3-2: Strikes out swinging
Pinch Hitting: LHB Caspar Ahernfeld 0-0: Ball
1-0: Ball
2-0: Swinging Strike
2-1: Ground out 5-3 (Groundball, 5, EV 81.9 MPH)
Batting: RHB Itocravo Affra 0-0: Ball
1-0: Fly out, F9 (Flyball, 9D, EV 84.4 MPH)
Top of the 9th over - 0 runs, 0 hits, 0 errors, 0 left on base; Cincinnati 3 - Jacksonville 3
BOTTOM OF THE 9TH
Jacksonville Bombers batting - Pitching for Cincinnati Reds : LHP Sergio Acuña
Pitching: RHP Jorge Gorrindo
Now at SS: Caspar Ahernfeld
Batting: LHB Juan Novoa 0-0: Ball
1-0: Called Strike
1-1: Foul Ball, location: 7LSF
1-2: Fly out, F7 (Line Drive, 7D, EV 85.0 MPH)
Batting: RHB Pat Mayer 0-0: Foul Ball, location: 23F
0-1: Called Strike
0-2: Strikes out looking
Batting: LHB Dave Minor 0-0: Hit by Pitch
Batting: RHB Jim Brown 0-0: Foul Ball, location: 25F
0-1: SINGLE (Line Drive, 56, EV 107.5 MPH)
Dave Minor to second
Batting: LHB Yoshihito Abe 0-0: SINGLE (Groundball, 4D, EV 93.8 MPH)
Dave Minor to third
Jim Brown to second
Runner from 3rd tries for Home, SAFE, throw by CF to home
Bottom of the 9th over - 1 run, 2 hits, 0 errors, 2 left on base; Cincinnati 3 - Jacksonville 4
Friday, May 3rd , 2024 - OOTP Baseball 24.10 Build 82